 Dungeon Crawl Stone Soup version 0.30.1-11-g7821555f0a (webtiles) character file.

Game seed: 8815979790756993282

174306 bimbombam the Shatterer (level 17, -1/161 HPs)
             Began as a Minotaur Fighter on Nov 21, 2023.
             Was the Champion of Nemelex Xobeh.
             Slain by an anaconda simulacrum (4 damage)
             ... on level 1 of the Shoals.
             The game lasted 03:52:32 (25096 turns).

bimbombam the Shatterer (Minotaur Fighter)         Turns: 25096, Time: 03:52:34

Health: -1/161     AC: 16    Str: 32    XL:     17   Next: 19%
Magic:  12/20      EV: 16    Int:  3    God:    Nemelex Xobeh [******]
Gold:   3968       SH: 14    Dex: 11    Spells: 16/16 levels left

rFire   + . .        S - +12 flail of Xom's Delight {protect, Contam rElec Will+}
rCold   + + .        N - +3 kite shield {reflect}
rNeg    . . .        T - +3 scale mail "Duomn" {rC+ Str+4}
rPois   +            (helmet restricted)
rElec   +            A - scarf {rC+ rF+}
rCorr   .            q - +1 pair of gloves {Stlth+}
SInv    .            F - +0 pair of boots
Will    ++...        f - amulet of regeneration
Stlth   +            M - +5 ring of evasion
HPRegen 1.26/turn    b - ring of poison resistance
MPRegen 0.17/turn

%: reflection
@: hasted (expiring), constricted, unable to drink, very quick
A: horns 2, retaliatory headbutt, dopey 1, low MP 1, sense surroundings 1,
inability to drink after injury 1, sturdy frame 1
}: 1/15 runes: serpentine
a: Renounce Religion, Draw Escape, Draw Destruction, Draw Summoning, Triple
Draw, Deal Four, Stack Five


You were on level 1 of the Shoals.
You worshipped Nemelex Xobeh.
Nemelex Xobeh was exalted by your worship.
You visited 6 branches of the dungeon, and saw 26 of its levels.
You also visited: Bailey.

You collected 5156 gold pieces.
You spent 1188 gold pieces at shops.

Inventory:

Hand Weapons
 B - the +8 flail "Uzoulonge" {heavy, Will+ rCorr}
   (You found it on level 5 of the Dungeon)

   rCorr:     It protects you from acid and corrosion.
   Will:      It increases your willpower.
 S - the +12 flail of Xom's Delight (weapon) {protect, Contam rElec Will+}
   (You found it in a bailey)

   rElec:     It insulates you from electricity.
   Contam:    It causes magical contamination when unequipped.
   Will:      It increases your willpower.
Missiles
 m - 2 silver boomerangs (quivered)
 I - a throwing net
 O - 8 javelins
Armour
 q - a +1 pair of gloves of stealth (worn)
 t - a +1 cloak of willpower
 A - a scarf of resistance (worn)
 F - a +0 pair of boots (worn)
 N - a +3 kite shield of reflection (worn)
 T - the +3 scale mail "Duomn" (worn) {rC+ Str+4}
   (You found it in a bailey)

   Str:       It affects your strength (+4).
   rC:        It protects you from cold.
 W - the +0 ring mail "Gifui" {rF+ rN+ Str+3}
   (You found it on level 2 of the Snake Pit)

   Str:       It affects your strength (+3).
   rF:        It protects you from fire.
   rN:        It protects you from negative energy.
Jewellery
 b - a ring of poison resistance (right hand)
 f - an amulet of regeneration (around neck)
 j - a ring of see invisible
 n - a +6 ring of strength
 M - a +5 ring of evasion (left hand)
 Q - a ring of ice
 Y - a ring of fire
Wands
 c - a wand of paralysis (13)
 e - a wand of polymorph (10)
 o - a wand of quicksilver (11)
 D - a wand of iceblast (17)
 H - a wand of digging (4)
 K - a wand of mindburst (9)
 X - a wand of flame (45)
Scrolls
 a - a scroll of acquirement
 i - 13 scrolls of teleportation
 s - 4 scrolls of fear
 u - 2 scrolls of fog
 v - 8 scrolls of identify
 x - 2 scrolls of blinking
 y - 2 scrolls of amnesia
 E - a scroll of torment
 G - 4 scrolls of poison
 L - 4 scrolls of magic mapping
 P - a scroll of brand weapon
 U - 3 scrolls of enchant weapon
Potions
 d - 4 potions of might
 g - 13 potions of flight
 h - a potion of resistance
 k - 4 potions of curing
 l - 4 potions of heal wounds
 p - 3 potions of ambrosia
 r - 2 potions of magic
 z - 5 potions of berserk rage
 C - 2 potions of invisibility
 R - 6 potions of brilliance
 V - 2 potions of mutation
 Z - 3 potions of lignification
Miscellaneous
 J - a phantom mirror


   Skills:
 + Level 17.3 Fighting
 * Level 24.8 Maces & Flails
 - Level 4.5 Throwing
 - Level 12.7 Armour
 + Level 9.5 Dodging
 - Level 10.0 Shields
 * Level 9.7 Invocations


You had 16 spell levels left.
You didn't know any spells.
Your spell library contained the following spells:

 Spells                   Type           Power      Damage    Failure   Level
 Foxfire                  Conj/Fire      0%         2x1d4     78%         1
 Magic Dart               Conj           0%         1d3       78%         1
 Slow                     Hex            0%         N/A       78%         1
 Blink                    Tloc           0%         N/A       89%         2
 Call Imp                 Summ           0%         N/A       89%         2
 Lesser Beckoning         Tloc           0%         N/A       89%         2
 Momentum Strike          Conj/Tloc      0%         3d8       89%         2
 Sublimation of Blood     Necr           0%         N/A       89%         2
 Confusing Touch          Hex            0%         N/A       98%         3
 Gell's Gravitas          Tloc           0%         N/A       98%         3
 Mephitic Cloud           Conj/Pois/Air  0%         N/A       98%         3
 Stone Arrow              Conj/Erth      0%         3d7       98%         3
 Teleport Other           Tloc           0%         N/A       98%         3
 Tukima's Dance           Hex            0%         N/A       98%         3
 Vampiric Draining        Necr           0%         2d6       98%         3
 Vhi's Electric Charge    Tloc/Air       0%         N/A       98%         3
 Animate Armour           Summ/Erth      0%         N/A       100%        4
 Passage of Golubria      Tloc           0%         N/A       100%        4
 Petrify                  Tmut/Erth      0%         N/A       100%        4
 Arcjolt                  Conj/Air       0%         1d10      100%        5
 Fireball                 Conj/Fire      0%         3d3       100%        5
 Irradiate                Conj/Tmut      0%         3d11      100%        5
 Summon Forest            Summ/Tloc      0%         N/A       100%        5
 Summon Mana Viper        Hex/Summ       0%         N/A       100%        5
 Yara's Violent Unravell  Hex/Tmut       0%         3d3       100%        5
 Dispersal                Tloc           0%         N/A       100%        6
 Plasma Beam              Fire/Air       0%         2x1d11    100%        6
 Starburst                Conj/Fire      0%         6d3       100%        6
 Summon Cactus Giant      Summ           0%         N/A       100%        6
 Lehudib's Crystal Spear  Conj/Erth      0%         10d2      100%        8
 Maxwell's Capacitive Co  Air            0%         ∞         100%        8


Dungeon Overview and Level Annotations

Branches:
Dungeon (13/15)            Temple (1/1) D:7            Lair (5/5) D:11
 Shoals (1/4) Lair:2        Snake (4/4) Lair:3        Slime (0/5) Lair:4
    Orc (2/2) D:10            Elf (0/3) Orc:2        Vaults (0/5) D:13
 Bailey (visited)

Altars:
Ashenzari
Cheibriados
Dithmenos
Elyvilon
Fedhas
Gozag
Hepliaklqana
Kikubaaqudgha
Makhleb
Nemelex Xobeh
Okawaru
Qazlal
Ru
Sif Muna
Trog
Uskayaw
Vehumet
Wu Jian
Xom
Yredelemnul
Zin
The Shining One

Shops:
D:8 =   D:9 !   D:12 **!   Orc:2 [(*:?

Portals:
Hell: Lair:5
Ice
Cave: Shoals:1

Annotations:
D:10 1 runed translucent door


Innate Abilities, Weirdness & Mutations

You have a pair of horns on your head.
You reflexively headbutt those who attack you in melee.
You are dopey. (Int -2)
Your magical capacity is low. (-10% MP)
You passively map a small area around you.
You occasionally lose the ability to drink potions when taking damage.
Your movements are slightly less encumbered by armour. (ER -2)


Message History

The electrical discharge engulfs the floating eye!!
You kill the floating eye!
The electrical discharge engulfs the snapping turtle!
The snapping turtle is lightly wounded.
The electrical discharge engulfs the ice beast!!
The ice beast is almost dead.
The electrical discharge engulfs your -1 trident.
Your -1 trident completely resists.
You hear violent peals of thunder!
You deal a card...
You have dealt Wild Magic.
Sand pours from the moth of wrath's antennae.
The warg is caught in a fiery explosion!
You kill the warg!
The dream sheep returns to its original shape as it dies.
Flames sear the naga!
The anaconda simulacrum has an odd expression for a moment.
The anaconda simulacrum completely resists.
The ice beast is blasted with fire!
The ice beast melts!
You kill the ice beast!
The snapping turtle has an odd expression for a moment.
You feel a surge of magic.
You deal a card...
You have dealt the Orb.
Press: ? - help, Shift-Dir - straight line, f/p - anaconda simulacrum
Aim: an anaconda simulacrum (heavily damaged, constricting you)
The wavering orb of destruction weakly hits the anaconda simulacrum!!
The anaconda simulacrum is almost destroyed.
You hear an angry hiss.
You hear a shout!
The anaconda simulacrum bites you.
* * * LOW HITPOINT WARNING * * *
The anaconda simulacrum freezes you. You resist.
* * * LOW HITPOINT WARNING * * *
The anaconda simulacrum constricts you.
* * * LOW HITPOINT WARNING * * *
Unknown command.
The anaconda simulacrum's grasp on you weakens, but your attempt to escape fails.
The anaconda simulacrum bites you!
* * * LOW HITPOINT WARNING * * *
The anaconda simulacrum freezes you. You resist.
You die...
Your body glows with a rainbow of weird colours and disappears.

P~~~≈≈≈≈≈≈≈~~,,,,,,,,,,~,~,,,~~~~
†~P~≈≈≈≈≈≈≈~........(...,,~~~~~~~
...~~~≈≈≈≈≈~............,,,~~~~~~
..†~~~≈≈≈≈≈~..........$.,,,,,,,,~
...†~~≈≈≈≈≈~............,,,,,,,,,
#..(~~~≈≈≈≈~~...........,,,,,**,~
##....~≈≈≈≈≈~...........,,,,,,*,~
##....~≈≈≈≈≈~....Z......,,,,,,,,,
.....~~≈≈≈≈~~.D.@∩.yN......>..y,,
...~~~~≈≈≈≈~~...............kY*,,
.....~~≈≈≈≈~~.........[......#*y.
~~~~~~~≈≈≈~~~......t....~~~..###.
~~~~~~~~≈≈~~(...........~~≈~.....
.......~~~~~~...........~C~~~.G..
#.......~~~~............≈~N..~...
#####...~~..............hl...~.~≈
#...~..............ZY.##.~~~~


You could see a snapping turtle (berserk, ally target), a moth of wrath, a naga,
an anaconda simulacrum, a friendly fire dragon (summoned) and a friendly -1
trident (summoned).

Vanquished Creatures
  Mlioglotl (Lair:2)
  6 nagarajas
  An orc warlord (Orc:2)
  A broodmother (Shoals:1)
  The ghost of Hiywul the Fighter, a journeyman MiHu of Trog (Lair:4)
  Josephine (D:13)
  2 merfolk impalers (Shoals:1)
  An ogre mage (Orc:1)
  3 hydras (Lair:5)
  Fannar (D:11)
  4 centaur warriors
  2 salamander tyrants (Snake:3)
  Erolcha (Orc:1)
  2 vault guards (D:13)
  A catoblepas (D:11)
  A two-headed ogre (D:9)
  A boulder beetle (D:7)
  6 anacondas
  A dancing weapon (Lair:4)
  A tengu warrior (D:11)
  Erica (D:8)
  2 death yaks (Lair:5)
  10 naga sharpshooters
  13 naga warriors
  12 shock serpents
  A sun demon (Lair:5)
  An orc high priest (Orc:2)
  Sonja (Orc:1)
  Urug (D:11)
  A fire crab (Lair:5)
  4 skysharks (Lair:5)
  7 salamander mystics
  5 wizards
  7 naga ritualists
  2 wolf spider zombies (D:13)
  4 orc knights
  A deep elf pyromancer (D:12)
  2 necromancers (D:13)
  4 orc sorcerers
  4 cyclopes
  14 mana vipers
  12 salamanders
  2 manticores
  3 ugly things
  4 wolf spiders (D:10)
  11 elephants
  32 black mambas
  11 guardian serpents
  15 naga magi
  6 centaur skeletons (D:13)
  A gargoyle (D:12)
  An orange demon (Lair:5)
  8 cane toads
  2 unseen horrors
  6 rime drakes (Lair:5)
  2 kobold demonologists
  4 komodo dragons
  A wind drake (Shoals:1)
  An ice devil (Lair:5)
  3 red devils (Lair:5)
  4 polar bears
  6 trolls
  A hornet (shapeshifter) (D:11)
  A hellwing (Lair:5)
  9 hornets
  9 blink frogs
  4 dream sheep (Shoals:1)
  4 flying skulls (D:13)
  10 slime creatures
  34 yaks
  5 shadows
  A vampire (D:13)
  8 wraiths
  8 wyverns
  17 humans (D:13)
  2 vampire mosquitoes (D:12)
  5 redbacks (D:10)
  A steam dragon (D:10)
  A harpy simulacrum (Shoals:1)
  3 basilisks
  5 wargs
  3 swamp worms (Lair:3)
  46 nagas
  Duvessa (D:7)
  3 floating eyes
  9 water moccasins
  4 hell hounds (Lair:5)
  An ice beast (Shoals:1)
  3 acid dragons
  A hornet zombie (D:8)
  40 orc warriors
  12 wolves
  3 sky beasts
  3 black bears
  6 ogres
  11 centaurs
  A phantom (D:5)
  A kobold brigand (D:10)
  3 necrophages (D:8)
  11 bullfrogs
  A wyvern zombie (D:8)
  4 scorpions
  2 gnoll sergeants
  11 wights
  Dowan (D:7)
  16 killer bees
  4 electric eels
  17 howler monkeys
  6 centaur zombies
  12 orc priests
  5 hounds
  4 jellies
  2 gnoll boudas
  Crazy Yiuf (D:2)
  Terence (D:2)
  3 iguanas
  2 sleepcaps
  19 orc wizards
  6 hell rats (Lair:5)
  A boggart skeleton (D:13)
  A killer bee zombie (D:8)
  A mummy (D:7)
  A howler monkey zombie (D:8)
  6 adders
  23 gnolls
  A white imp (D:5)
  2 dart slugs
  6 worms
  69 orcs
  3 ball pythons
  5 bats
  8 endoplasms
  2 giant cockroaches
  9 hobgoblins
  7 jackals
  7 kobolds
  A quokka (D:5)
  2 frilled lizards
  11 goblins
  3 hobgoblin zombies (D:7)
  An orc zombie (D:7)
  2 rats
849 creatures vanquished.

Vanquished Creatures (collateral kills)
  An ogre mage (Orc:1)
  A salamander tyrant (Snake:3)
  2 salamander mystics (Snake:3)
  A skyshark (Shoals:1)
  2 naga ritualists (Snake:4)
  An orc sorcerer (Orc:1)
  A salamander (Snake:4)
  A komodo dragon (Shoals:1)
  An anaconda simulacrum (Shoals:1)
  A hornet (Orc:1)
  A minotaur simulacrum (Shoals:1)
  A deep troll simulacrum (Shoals:1)
  3 lindwurm simulacra (Shoals:1)
17 creatures vanquished.

Grand Total: 866 creatures vanquished

Notes
Turn   | Place    | Note
-------+----------+-------------------------------------------
     0 | D:1      | bimbombam the Minotaur Fighter began the quest for the Orb.
     0 | D:1      | Reached XP level 1. HP: 19/19 MP: 0/0
   266 | D:1      | Reached XP level 2. HP: 27/27 MP: 1/1
   533 | D:2      | Reached skill level 3 in Maces & Flails
   598 | D:2      | Noticed Terence
   607 | D:2      | Killed Terence
   608 | D:2      | Reached skill level 4 in Maces & Flails
   608 | D:2      | Reached XP level 3. HP: 32/33 MP: 2/2
   615 | D:2      | Reached XP level 4. HP: 41/41 MP: 3/3
   742 | D:2      | You fall into a shaft and drop 1 floor!
   910 | D:2      | Found a stormy altar of Qazlal.
  1029 | D:2      | Reached skill level 5 in Maces & Flails
  1058 | D:2      | Found a faded altar of an unknown god.
  1062 | D:2      | Prayed at the altar of an unknown god.
  1062 | D:2      | Became a worshipper of Nemelex Xobeh the Trickster
  1062 | D:2      | Reached * piety under Nemelex Xobeh
  1169 | D:2      | Found a runed translucent door.
  1170 | D:2      | Noticed Crazy Yiuf
  1176 | D:2      | Killed Crazy Yiuf
  1177 | D:2      | Reached XP level 5. HP: 47/47 MP: 4/4
  1653 | D:3      | Found a bloodstained altar of Trog.
  1701 | D:3      | Received a gift from Nemelex Xobeh
  1878 | D:4      | Reached skill level 6 in Maces & Flails
  2175 | D:4      | Reached skill level 5 in Fighting
  2178 | D:4      | Reached XP level 6. HP: 54/56 MP: 5/5
  2321 | D:4      | Reached ** piety under Nemelex Xobeh
  2490 | D:5      | Entered Level 5 of the Dungeon
  2500 | D:5      | Reached skill level 7 in Maces & Flails
  2550 | D:5      | Reached skill level 1 in Throwing
  2624 | D:5      | Found a glowing silver altar of Zin.
  2669 | D:5      | Reached XP level 7. HP: 61/61 MP: 6/6
  2736 | D:5      | Identified the +8 flail "Uzoulonge" {heavy, Will+ rCorr}
  2768 | D:5      | Received a gift from Nemelex Xobeh
  2959 | D:5      | Found a white marble altar of Elyvilon.
  3069 | D:5      | Reached skill level 8 in Maces & Flails
  3314 | D:6      | Reached skill level 9 in Maces & Flails
  3334 | D:6      | Reached skill level 5 in Armour
  3471 | D:6      | Found a hide-covered altar of Uskayaw.
  3570 | D:6      | Reached XP level 8. HP: 70/70 MP: 7/7
  3771 | D:7      | Found a staircase to the Ecumenical Temple.
  3777 | Temple   | Entered the Ecumenical Temple
  3777 | Temple   | Found a transporter.
  3777 | Temple   | Found a transporter.
  3779 | Temple   | Found a transporter.
  3779 | Temple   | Found a transporter.
  3968 | D:7      | Found an ancient bone altar of Kikubaaqudgha.
  3973 | D:7      | Noticed Duvessa
  3974 | D:7      | Noticed Dowan
  3994 | D:7      | Killed Dowan
  3995 | D:7      | Reached skill level 10 in Maces & Flails
  4000 | D:7      | Killed Duvessa
  4082 | D:7      | Reached *** piety under Nemelex Xobeh
  4167 | D:7      | Reached skill level 11 in Maces & Flails
  4198 | D:7      | Identified the +3 long sword of Ryelem {drain, Will+}
  4337 | D:7      | Received a gift from Nemelex Xobeh
  4540 | D:7      | Reached XP level 9. HP: 73/79 MP: 8/8
  4547 | D:7      | Noticed a boulder beetle
  4588 | D:7      | Reached skill level 12 in Maces & Flails
  4638 | D:7      | Killed a boulder beetle
  4639 | D:7      | Reached skill level 13 in Maces & Flails
  4801 | D:8      | Found a flagged portal.
  4818 | Bailey   | Entered a bailey
  4935 | Bailey   | Noticed an orc sorcerer
  4948 | Bailey   | Killed an orc sorcerer
  4949 | Bailey   | Reached skill level 14 in Maces & Flails
  4949 | Bailey   | Reached XP level 10. HP: 57/90 MP: 9/9
  5091 | Bailey   | Reached skill level 1 in Invocations
  5154 | Bailey   | Found an iron altar of Okawaru.
  5158 | Bailey   | Noticed a sixfirhy
  5185 | Bailey   | Identified the +12 flail of Xom's Delight {protect, Contam
                  | rElec Will+}
  5214 | Bailey   | Identified the +3 scale mail "Duomn" {rC+ Str+4}
  5589 | D:8      | Received a gift from Nemelex Xobeh
  5716 | D:8      | Noticed Erica
  5727 | D:8      | Killed Erica
  5728 | D:8      | Reached skill level 15 in Maces & Flails
  5737 | D:8      | Found Tufageavor's Jewellery Emporium.
  6049 | D:8      | Found a blossoming altar of Fedhas.
  6305 | D:9      | Reached **** piety under Nemelex Xobeh
  6392 | D:9      | Received a gift from Nemelex Xobeh
  6446 | D:9      | Reached skill level 10 in Fighting
  6446 | D:9      | Reached XP level 11. HP: 99/99 MP: 12/12
  6660 | D:9      | Noticed a two-headed ogre
  6667 | D:9      | Killed a two-headed ogre
  6783 | D:9      | Found Voigig's Distillery.
  6817 | D:9      | Found a snail-covered altar of Cheibriados.
  6824 | D:9      | Found a burning altar of Makhleb.
  6930 | D:10     | Entered Level 10 of the Dungeon
  6931 | D:10     | Noticed a wolf spider
  6932 | D:10     | Noticed a wolf spider
  6932 | D:10     | Noticed a wolf spider
  6936 | D:10     | Found the +9 staff of Olgreb {rPois∞}
  6940 | D:10     | Found a runed translucent door.
  6964 | D:10     | Noticed a wolf spider
  6965 | D:10     | Found a broken altar of Ashenzari.
  6965 | D:10     | Found a runed translucent gate.
  6967 | D:10     | Found a runed translucent door.
  7004 | D:10     | Found a staircase to the Orcish Mines.
  7080 | D:10     | Found a runed translucent gate.
  7080 | D:10     | Found a runed translucent gate.
  7336 | D:10     | Noticed a sea snake
  7350 | D:10     | Received a gift from Nemelex Xobeh
  7371 | D:10     | Found a stormy altar of Qazlal.
  7371 | D:10     | Found a sacrificial altar of Ru.
  7635 | D:10     | Noticed a sea snake
  7772 | D:10     | Killed a wolf spider
  7777 | D:10     | Killed a wolf spider
  7777 | D:10     | Killed a wolf spider
  7778 | D:10     | Reached skill level 16 in Maces & Flails
  7783 | D:10     | Killed a wolf spider
  7878 | D:10     | Paralysed by a hornet for 1 turns
  7885 | D:10     | Reached skill level 10 in Armour
  7987 | D:11     | Noticed a centaur warrior
  8002 | D:11     | Killed a centaur warrior
  8003 | D:11     | Reached skill level 5 in Invocations
  8116 | D:11     | Reached ***** piety under Nemelex Xobeh
  8122 | D:11     | Received a gift from Nemelex Xobeh
  8160 | D:11     | Noticed Fannar
  8176 | D:11     | Killed Fannar
  8188 | D:11     | Reached XP level 12. HP: 111/111 MP: 14/14
  8310 | D:11     | Noticed a tengu warrior
  8320 | D:11     | Killed a tengu warrior
  8527 | D:11     | Found a staircase to the Lair.
  8551 | D:11     | Noticed Urug
  8556 | D:11     | Killed Urug
  8632 | D:11     | Noticed a catoblepas
  8662 | D:11     | Killed a catoblepas
  8663 | D:11     | Reached skill level 17 in Maces & Flails
  8707 | D:11     | Acquired 1201 gold pieces
  9062 | Lair:1   | Entered Level 1 of the Lair of Beasts
  9108 | Lair:1   | Received a gift from Nemelex Xobeh
  9886 | Lair:2   | Received a gift from Nemelex Xobeh
 10378 | Lair:2   | Identified the +0 leather armour "Kuran" {rElec}
 10417 | Lair:2   | Received a gift from Nemelex Xobeh
 10523 | Lair:2   | Found a staircase to the Shoals.
 10856 | Lair:3   | Reached skill level 5 in Shields
 10897 | Lair:3   | Received a gift from Nemelex Xobeh
 10946 | Lair:3   | Found a staircase to the Snake Pit.
 10977 | Lair:3   | Reached skill level 18 in Maces & Flails
 11133 | Lair:3   | You fall into a shaft and drop 1 floor!
 11133 | Lair:4   | Received a gift from Nemelex Xobeh
 11157 | Lair:4   | Reached ****** piety under Nemelex Xobeh
 11242 | Lair:4   | Found a staircase to the Slime Pits.
 11305 | Lair:4   | Acquired 870 gold pieces
 11471 | Lair:3   | Reached XP level 13. HP: 118/118 MP: 16/16
 11810 | Lair:4   | Received a gift from Nemelex Xobeh
 11864 | Lair:4   | Found a runed translucent door.
 11865 | Lair:4   | Found a shimmering altar of Xom.
 11865 | Lair:4   | Noticed Hiywul's ghost (journeyman MiHu)
 11889 | Lair:4   | Killed Hiywul's ghost
 11995 | Lair:4   | Received a gift from Nemelex Xobeh
 12648 | Lair:5   | Entered Level 5 of the Lair of Beasts
 12648 | Lair:5   | Received a gift from Nemelex Xobeh
 12730 | Lair:5   | Identified the +10 sling "Uraveol" {flame, rC+}
 12912 | Lair:5   | Reached skill level 19 in Maces & Flails
 13258 | Lair:5   | Received a gift from Nemelex Xobeh
 13652 | Lair:5   | Reached XP level 14. HP: 126/126 MP: 19/19
 13674 | Lair:5   | Found a burning altar of Makhleb.
 13742 | Lair:5   | Received a gift from Nemelex Xobeh
 13843 | Lair:5   | Reached skill level 10 in Shields
 13853 | Lair:5   | Reached skill level 20 in Maces & Flails
 13984 | Lair:5   | Found a gateway to Hell.
 14063 | Lair:5   | Gained mutation: You are partially covered in iridescent
                  | scales. (AC +2) [potion of mutation]
 14063 | Lair:5   | Gained mutation: Your muscles are strong. (Str +4, Int/Dex
                  | -1) [potion of mutation]
 14064 | Lair:5   | Lost mutation: You are partially covered in iridescent
                  | scales. (AC +2) [potion of mutation]
 14064 | Lair:5   | Lost mutation: Your muscles are strong. (Str +4, Int/Dex
                  | -1) [potion of mutation]
 14064 | Lair:5   | Gained mutation: You possess an exceptional clarity of
                  | mind. [potion of mutation]
 14064 | Lair:5   | Lost mutation: You possess an exceptional clarity of mind.
                  | [potion of mutation]
 14064 | Lair:5   | Gained mutation: You are robust. (+10% HP) [potion of
                  | mutation]
 14065 | Lair:5   | Lost mutation: You are robust. (+10% HP) [potion of
                  | mutation]
 14065 | Lair:5   | Gained mutation: You are partially covered in iridescent
                  | scales. (AC +2) [potion of mutation]
 14065 | Lair:5   | Gained mutation: You are frail. (-10% HP) [potion of
                  | mutation]
 14066 | Lair:5   | Lost mutation: You are frail. (-10% HP) [potion of
                  | mutation]
 14066 | Lair:5   | Lost mutation: You are partially covered in iridescent
                  | scales. (AC +2) [potion of mutation]
 14066 | Lair:5   | Gained mutation: You passively map a small area around you.
                  | [potion of mutation]
 14066 | Lair:5   | Gained mutation: Your movements are slightly less
                  | encumbered by armour. (ER -2) [potion of mutation]
 14552 | Orc:1    | Entered Level 1 of the Orcish Mines
 14713 | Orc:1    | Found a burning altar of Makhleb.
 15013 | Orc:2    | Entered Level 2 of the Orcish Mines
 15029 | Orc:1    | Noticed Sonja
 15042 | Orc:1    | Killed Sonja
 15076 | Orc:1    | Received a gift from Nemelex Xobeh
 15156 | Orc:1    | Noticed Erolcha
 15160 | Orc:1    | Killed Erolcha
 15169 | Orc:1    | Paralysed by a floating eye for 2 turns
 15173 | Orc:1    | Paralysed by a floating eye for 4 turns
 15555 | Orc:2    | Found a staircase to the Elven Halls.
 15582 | Orc:2    | Found Qore's Magic Scroll Boutique.
 15590 | Orc:2    | Bought a scroll of teleportation for 45 gold pieces
 15590 | Orc:2    | Bought a scroll of blinking for 112 gold pieces
 15590 | Orc:2    | Bought a scroll of teleportation for 45 gold pieces
 15590 | Orc:2    | Bought a scroll of teleportation for 45 gold pieces
 15710 | Orc:2    | Received a gift from Nemelex Xobeh
 15796 | Orc:2    | Noticed an orc warlord
 15800 | Orc:2    | Reached skill level 1 in Dodging
 15806 | Orc:2    | Killed an orc warlord
 15807 | Orc:2    | Reached skill level 21 in Maces & Flails
 15820 | Orc:2    | Found Eleisoej's Antique Weapon Boutique.
 15988 | Orc:2    | Found Daegimalats's Book Boutique.
 16003 | Orc:2    | Found Kirhishra's General Store.
 16019 | Orc:2    | Found Nawilad's Antique Armour Boutique.
 16026 | Orc:2    | Bought a pair of runed gloves for 247 gold pieces
 16026 | Orc:2    | Bought an embroidered scarf for 264 gold pieces
 16135 | Orc:2    | Received a gift from Nemelex Xobeh
 16645 | D:12     | Received a gift from Nemelex Xobeh
 16691 | D:12     | Found Qaqynolu's Assorted Antiques.
 16691 | D:12     | Found Zesaw's Assorted Antiques.
 16704 | D:12     | Found Ihoezuod's Distillery.
 16802 | D:12     | Bought a flickering lead ring for 175 gold pieces
 16802 | D:12     | Identified the ring of Kikubaaqudgha's Envy {MP+9 Int+4
                  | Dex+4 Stlth-} (You bought it in a shop on level 12 of the
                  | Dungeon)
 16802 | D:12     | Bought a potion of heal wounds for 175 gold pieces
 17402 | D:13     | Received a gift from Nemelex Xobeh
 17635 | D:13     | Reached XP level 15. HP: 127/138 MP: 20/20
 17638 | D:13     | Noticed Josephine
 17660 | D:13     | Killed Josephine
 18064 | D:13     | Reached skill level 22 in Maces & Flails
 18100 | D:13     | Reached skill level 5 in Dodging
 18138 | D:13     | Found a gate to the Vaults.
 18255 | D:12     | Bought a potion of heal wounds for 80 gold pieces
 18474 | Snake:1  | Entered Level 1 of the Snake Pit
 18955 | Snake:1  | Received a gift from Nemelex Xobeh
 19301 | Snake:2  | Reached skill level 15 in Fighting
 19475 | Snake:2  | Identified the +0 ring mail "Gifui" {rF+ rN+ Str+3}
 19570 | Snake:2  | Noticed a nagaraja
 19579 | Snake:2  | Killed a nagaraja
 19649 | Snake:2  | Received a gift from Nemelex Xobeh
 19869 | Snake:2  | Reached skill level 23 in Maces & Flails
 20272 | Snake:3  | Received a gift from Nemelex Xobeh
 20409 | Snake:3  | Reached XP level 16. HP: 149/149 MP: 21/21
 20801 | Snake:3  | Found a white marble altar of Elyvilon.
 21017 | Snake:3  | Received a gift from Nemelex Xobeh
 22005 | Snake:4  | Entered Level 4 of the Snake Pit
 22227 | Snake:4  | Reached skill level 24 in Maces & Flails
 22374 | Snake:4  | Gained mutation: You occasionally lose the ability to drink
                  | potions when taking damage. [a neqoxec]
 22375 | Snake:4  | Gained mutation: Your magical capacity is low. (-10% MP) [a
                  | neqoxec]
 22384 | Snake:4  | Gained mutation: You are dopey. (Int -2) [a neqoxec]
 22410 | Snake:4  | Identified the +0 trident of Carved Integrity {freeze,
                  | Will+}
 23251 | Snake:4  | Reached XP level 17. HP: 95/161 MP: 20/20
 23697 | Snake:4  | Received a gift from Nemelex Xobeh
 23786 | Snake:4  | Got a serpentine rune of Zot
 24888 | Shoals:1 | Entered Level 1 of the Shoals
 24888 | Shoals:1 | Noticed Mlioglotl
 24898 | Lair:2   | Killed Mlioglotl
 24966 | Shoals:1 | Received a gift from Nemelex Xobeh
 24995 | Shoals:1 | Found a frozen archway.
 25091 | Shoals:1 | Paralysed by a floating eye for 3 turns
 25096 | Shoals:1 | HP: 3/161 [anaconda simulacrum (9)]
 25096 | Shoals:1 | Slain by an anaconda simulacrum

Illustrated notes

Levels and vault maps discovered:
D:1:      grunt_arrival_lava_bath, layout_basic
D:2:      layout_rooms, nicolae_ecumenical_lake_church, basic_altar,
          minmay_fractal_squares_5, uniq_terence, uniq_crazy_yiuf_cottage
D:3:      layout_rooms, marbit_many_paths, kennysheep_another_room,
          serial_park_tiny_2, kennysheep_cross_room
D:4:      layout_loops_ring
D:5:      layout_loops_ring, nicolae_elyvilon_peaceful_grove,
          mainiacjoe_overflow_catwalk
D:6:      layout_basic, lemuel_crystal_altar
D:7:      minmay_clustersquares, layout_loops_ring,
          mainiacjoe_overflow_concentric_impassable,
          minmay_temple_entry_purple_smoke, minmay_mini_ossuary, uniq_duvessa
D:8:      layout_loops_cross, fedhas_altar_decomposition, enter_bailey_3,
          serial_shops, nicolae_stop_n_shop_2, kennysheep_generic_room_8,
          uniq_erica
D:9:      layout_big_octagon, minitemple, serial_shops, shop,
          lemuel_flame_loot_1
D:10:     layout_basic, cheibrodos_ashenzari_chains,
          chequers_temple_overflow_statue_of_worship, serial_aquarium,
          aquarium_bridge_square [aquarium_subvault_bridge,
          aquarium_subvault_bridge, aquarium_subvault_wall,
          aquarium_subvault_window], aquarium_window_fake,
          aquarium_window_corridor_1, aquarium_window_2, aquarium_window_fake,
          aquarium_view_4, aquarium_pool_split,
          minmay_guarded_unrand_staff_of_olgreb
D:11:     nrook_guardian_serpent_snake_passage, layout_basic, lair_entry_dummy,
          minmay_diamond_spiral, uniq_fannar, uniq_urug
D:12:     layout_loops_ring, nicolae_shop_distant_corner_stores
D:13:     hangedman_screamer, layout_rooms, grunt_vaults_entry_tiered
Temple:   hellmonk_temple_divided_pantheon
Lair:1:   layout_gridlike, beast_lair_carwin_5
Lair:2:   layout_hall_layers, elwin_shoals_entry_rooms
Lair:3:   layout_long_grid, guppyfry_snake_entry_island,
          nicolae_quartered_pool_little, minivault_25, worms_lemuel
Lair:4:   layout_cave_pods, nicolae_slime_entry_slimehenge, ebering_ghost_xom
Lair:5:   evil_forest, layout_cave_pods, nicolae_lair_lakeside_cave,
          serial_bayou_shore_a, grunt_megastairs_4
Shoals:1: layout_shoals, portal_ice_cave_entry_ice_simulacra, uniq_mlioglotl
Snake:1:  layout_misc_corridors
Snake:2:  cheibrodos_forgotten_conduit, layout_gridlike,
          statue_in_the_mist_lemuel, grunt_ministairs_15
Snake:3:  cheibrodos_snake_lava_hold, layout_chambers, basic_altar,
          corexii_hall_statues_i, grunt_megastairs_2, lemuel_fruit_tree
Snake:4:  johnstein_snake_rune_scales, layout_layer_cave
Orc:1:    hellmonk_paralyzer, layout_caves, basic_altar,
          nicolae_orc_crystal_geode, uniq_erolcha, uniq_sonja
Orc:2:    grunt_orc_cross, layout_caves, serial_shops, shop

Skill      XL: |  1  2  3  4  5  6  7  8  9 10 11 12 13 14 15 16 |
---------------+-------------------------------------------------+-----
Maces & Flails | 4 5 6 7 9 11 14 15 16 18 19 21 23 24 | 24.8
Fighting       | 4 5 6 7 8 10 11 12 14 15 17 | 17.3
Armour         | 4 5 6 7 8 10 11 12 | 12.7
Throwing       | 1 2 3 4 |  4.5
Invocations    | 3 5 6 8 9 |  9.7
Shields        | 6 9 10 | 10.0
Dodging        | 3 7 9 |  9.5

Action                     |  1- 3 |  4- 6 |  7- 9 | 10-12 | 13-15 | 16-18 || total
---------------------------+-------+-------+-------+-------+-------+-------++-------
  Melee: Flail             |    14 |       |   159 |   461 |  1006 |   533 ||  2173
         Headbutt          |     7 |    15 |    19 |    94 |   225 |   140 ||   500
         Mace              |    21 |   105 |     8 |       |       |       ||   134
  Throw: Boomerang         |       |     7 |       |    11 |    26 |     8 ||    52
 Invoke: Draw Destruction  |       |       |       |     3 |     9 |     9 ||    21
         Draw Summoning    |       |       |       |       |     1 |     8 ||     9
         Deal Four         |       |       |       |       |     1 |     2 ||     3
         Draw Escape       |       |       |       |       |       |     4 ||     4
    Use: Scroll            |       |       |     4 |    23 |     4 |     5 ||    36
         Potion            |       |       |       |     2 |     5 |    10 ||    17
   Stab: Distracted        |       |       |       |       |       |     1 ||     1
 Armour: Robe              |     3 |       |       |       |       |       ||     3
         Scale mail        |    16 |    44 |    19 |   173 |   411 |   157 ||   820
         Chain mail        |       |       |   108 |    16 |       |       ||   124
  Dodge: Dodged            |    30 |    33 |    85 |   167 |   580 |   305 ||  1200
  Block: Buckler           |     8 |    20 |    41 |    11 |       |       ||    80
         Kite shield       |       |       |       |   140 |   536 |   368 ||  1044
         Reflection        |       |       |       |       |     3 |    47 ||    50
